Kings vs Sharks

Created - October 4, 2016 at 18:21

Simulating a Pre-Season

Goals
1 2 3 T
Kings 0 0 1 1
Sharks 1 1 0 2
Shots
1 2 3 T
Kings 15 14 9 38
Sharks 7 13 8 28

1st period

1. Sharks , William Nylander 3 (Dave Bolland, Robert Bortuzzo) at 7:11 (PP)

Penalties :
Matt Niskanen (LOS) for Interference (Minor) at 0:30, Fedor Tyutin (LOS) for Holding (Minor) at 6:15, Nikolay Kulemin (SJS) for Hooking (Minor) at 11:06

2nd period

2. Sharks , William Nylander 4 (Nick Bjugstad, Sam Reinhart) at 15:21

Penalties :
Brenden Dillon (SJS) for Slashing (Minor) at 0:48, David Savard (SJS) for Holding (Minor) at 5:01, Dan Hamhuis (LOS) for Hooking (Minor) at 8:32, Robert Bortuzzo (SJS) for Hooking (Minor) at 15:57

3rd period

3. Kings , Derek MacKenzie 1 (Nikita Soshnikov, Matt Niskanen) at 17:22

Penalties :
Gabriel Bourque (SJS) for Tripping (Minor) at 11:34, Alexei Emelin (LOS) for Hooking (Minor) at 14:26, Charlie Coyle (SJS) for Holding (Minor) at 18:12

Goalie Stats

Scott Wedgewood (LOS), 26 saves from 28 shots - (0.929), L, 1-1-0, 59:11 minutes
Al Montoya (SJS), 37 saves from 38 shots - (0.974), W, 1-1-0, 60:00 minutes

Players Stats for Kings

Player Name              G  A  P  +/- PIM S  H  SB GA TA FO     MP     PP MP  PK MP  
------------------------------------------------------------------------------------
Alexei Emelin            0  0  0  -1  2   3  4  2  0  0  0/0    21:11   5:14   2:49 
Chris Kunitz             0  0  0  -1  0   4  1  0  0  0  2/2    15:17   2:10   0:45 
Colton Sceviour          0  0  0   0  0   1  0  0  0  0  2/4    15:39   5:42   2:08 
Dan Hamhuis              0  0  0   1  2   3  1  3  0  0  0/0    26:04   6:28   2:19 
Daniel Sedin             0  0  0   0  0   7  0  1  0  0  0/4    23:56   7:25   0:00 
Derek MacKenzie          1  0  1   1  0   2  0  1  0  0  3/7     8:13   0:00   1:14 
Eric Staal               0  0  0  -1  0   5  1  0  0  0  18/34  24:32   7:51   4:19 
Evgeny Medvedev          0  0  0   0  0   1  0  0  0  0  0/0    12:39   0:00   1:41 
Fedor Tyutin             0  0  0   0  2   0  1  2  0  0  0/0    10:57   0:00   0:00 
J.T. Brown               0  0  0   0  0   3  1  0  0  0  2/3    12:43   0:00   4:54 
Marko Dano               0  0  0   0  0   2  3  0  0  0  3/9     8:05   0:16   0:00 
Matt Niskanen            0  1  1   1  2   2  3  1  0  0  0/0    25:50   6:28   2:05 
Mikael Granlund          0  0  0   0  0   0  1  0  0  0  16/24  18:32   4:17   0:00 
Nikita Soshnikov         0  1  1   1  0   1  0  0  0  0  1/1     7:52   0:00   0:00 
Niklas Kronwall          0  0  0  -1  0   1  0  2  0  0  0/0    23:15   5:14   4:52 
Oscar Lindberg           0  0  0   0  0   1  0  0  0  0  1/2    16:12   0:00   0:00 
Scott Hartnell           0  0  0   0  0   2  2  0  0  0  0/1    21:40   7:25   0:00 
Victor Rask              0  0  0   0  0   0  0  1  0  0  1/1     0:26   0:00   0:26 

Players Stats for Sharks

Player Name              G  A  P  +/- PIM S  H  SB GA TA FO     MP     PP MP  PK MP  
------------------------------------------------------------------------------------
Andrej Sustr             0  0  0   0  0   1  0  1  0  0  0/0    19:58   2:45   5:35 
Andrew Shaw              0  0  0   0  0   1  3  0  0  0  3/7    22:02   3:40   3:27 
Brenden Dillon           0  0  0   0  2   1  1  1  0  0  0/0    19:10   2:45   4:48 
Charlie Coyle            0  0  0   0  2   2  1  0  0  0  0/1    19:50   2:57   2:55 
Colin Miller             0  0  0   0  0   0  0  0  0  0  0/0     4:43   0:16   0:00 
Darren Dietz             0  0  0  -1  0   1  0  1  0  0  0/0    11:15   0:00   1:19 
Dave Bolland             0  1  1   0  0   0  0  0  0  0  0/0     0:16   0:16   0:00 
David Savard             0  0  0   1  2   1  4  2  0  0  0/0    24:23   3:52   5:08 
Gabriel Bourque          0  0  0   0  2   3  5  0  0  0  0/1    16:55   2:57   0:00 
Henrik Zetterberg        0  0  0   0  0   4  0  0  0  0  20/39  26:28   3:40   7:48 
Justin Falk              0  0  0   0  0   0  0  0  0  0  0/0     4:54   0:00   0:27 
Marc Staal               0  0  0   1  0   0  0  1  0  0  0/0    25:23   3:52   6:07 
Nick Bjugstad            0  1  1   0  0   1  2  0  0  0  0/3    12:31   0:00   0:00 
Nikolay Kulemin          0  0  0   0  2   4  1  0  0  0  0/0    18:34   3:40   0:00 
Robert Bortuzzo          0  1  1  -1  2   0  0  1  0  0  0/0    10:11   0:16   0:00 
Ryan Nugent-Hopkins      0  0  0   0  0   4  0  1  0  0  13/26  24:41   2:57   7:40 
Sam Reinhart             0  1  1   0  0   2  0  0  0  0  1/2    14:16   0:16   1:34 
William Nylander         2  0  2   0  0   3  0  0  0  0  6/13   12:42   0:16   0:00 

3 Stars

1 - Al Montoya (SJS)
2 - William Nylander (SJS)
3 - Derek MacKenzie (LOS)

Power Play

Kings - 0 on 6 Attempt(s) - 0.00%
Sharks - 1 on 4 Attempt(s) - 25.00%

Penalty Kill

Kings - 3 on 4 Attempt(s) - 75.00% - Score 0 goal in Penalty Kill
Sharks - 6 on 6 Attempt(s) - 100.00% - Score 0 goal in Penalty Kill

Team Stat

Kings - Hits : 18 - Faceoff Wins : 49 - Blocked Shots : 13 - Penalty Minutes : 8
Sharks - Hits : 17 - Faceoff Wins : 43 - Blocked Shots : 8 - Penalty Minutes : 12

Official

Referees : Eric Furlatt and Dan O'Rourke
Linesman : Steve Barton and Don Henderson

Game Notes

Victor Rask is injured at 0:56 of 1st period (Left Hip)

% Time on Ice - Kings

Lines # - Real PCT - Wanted PCT - Time Play
Normal Forward
1 - 34% - 40% - 14:15
2 - 30% - 30% - 12:22
3 - 19% - 20% - 7:49
4 - 17% - 10% - 6:59
Normal Defense
1 - 39% - 40% - 16:20
2 - 32% - 30% - 13:09
3 - 26% - 20% - 10:58
4 - 2% - 10% - 0:58
PP Forward
1 - 63% - 60% - 7:25
2 - 37% - 40% - 4:17
PP Defense
1 - 55% - 60% - 6:28
2 - 45% - 40% - 5:14
PK Forward
1 - 82% - 60% - 5:39
2 - 18% - 40% - 1:14
PK Defense
1 - 58% - 60% - 3:58
2 - 42% - 40% - 2:55
PK3 Forward
1 - 0% - 60%
2 - 0% - 40%
PK3 Defense
1 - 0% - 60%
2 - 0% - 40%
44 Forward
1 - 0% - 60%
2 - 0% - 40%
44 Defense
1 - 0% - 60%
2 - 0% - 40%
Last Minute Offensive  - 0:00
Last Minute Defensive  - 0:00
Total
Forward - 60:00
Defense - 60:00

% Time on Ice - Sharks

Lines # - Real PCT - Wanted PCT - Time Play
Normal Forward
1 - 36% - 40% - 14:55
2 - 34% - 30% - 13:59
3 - 30% - 20% - 12:26
4 - 0% - 10% - 0:05
Normal Defense
1 - 37% - 40% - 15:24
2 - 28% - 30% - 11:38
3 - 24% - 20% - 9:56
4 - 11% - 10% - 4:27
PP Forward
1 - 57% - 60% - 3:56
2 - 43% - 40% - 2:57
PP Defense
1 - 60% - 60% - 4:08
2 - 40% - 40% - 2:45
PK Forward
1 - 71% - 60% - 8:15
2 - 29% - 40% - 3:27
PK Defense
1 - 52% - 60% - 6:07
2 - 48% - 40% - 5:35
PK3 Forward
1 - 0% - 60%
2 - 0% - 40%
PK3 Defense
1 - 0% - 60%
2 - 0% - 40%
44 Forward
1 - 0% - 60%
2 - 0% - 40%
44 Defense
1 - 0% - 60%
2 - 0% - 40%
Last Minute Offensive  - 0:00
Last Minute Defensive  - 0:00
Total
Forward - 60:00
Defense - 60:00

Play by Play

1st period


0:01 of 1st period - Henrik Zetterberg wins face-off versus Mikael Granlund in neutral zone.
0:06 of 1st period - Shot by Nikolay Kulemin.
0:06 of 1st period - Shot Blocked by Dan Hamhuis.
0:08 of 1st period - Shot by Nikolay Kulemin.
0:08 of 1st period - Shot Blocked by Dan Hamhuis.
0:29 of 1st period - Shot by Nikolay Kulemin.
0:29 of 1st period - Shot Misses the Net.
0:30 of 1st period - Minor Penalty to Matt Niskanen for Interference.
0:31 of 1st period - Victor Rask wins face-off versus Ryan Nugent-Hopkins in Kings zone.
0:44 of 1st period - Shot by Charlie Coyle.
0:44 of 1st period - Shot Misses the Net.
0:54 of 1st period - Shot by Charlie Coyle.
0:54 of 1st period - Shot Blocked by Alexei Emelin.
0:56 of 1st period - Shot by Andrej Sustr.
0:56 of 1st period - Deflect By Gabriel Bourque.
0:56 of 1st period - Shot Blocked by Victor Rask.
0:56 of 1st period - Victor Rask from Kings is injured at 0:56 of 1st period (Left Hip).
0:57 of 1st period - Derek MacKenzie wins face-off versus Henrik Zetterberg in Kings zone.
0:57 of 1st period - Derek MacKenzie is hit by Andrew Shaw.
1:10 of 1st period - Icing by Marc Staal.
1:11 of 1st period - Henrik Zetterberg wins face-off versus J.T. Brown in Sharks zone.
1:11 of 1st period - Henrik Zetterberg is hit by J.T. Brown.
1:49 of 1st period - Shot by Nikolay Kulemin.
1:49 of 1st period - Shot Blocked by Niklas Kronwall.
2:11 of 1st period - Shot by Charlie Coyle.
2:11 of 1st period - Shot Misses the Net.
2:50 of 1st period - Shot by Mikael Granlund.
2:50 of 1st period - Shot Misses the Net.
3:37 of 1st period - Shot by Nikita Soshnikov.
3:37 of 1st period - Shot Blocked by Darren Dietz.
3:47 of 1st period - Shot by Derek MacKenzie.
3:47 of 1st period - Stopped by Al Montoya without a rebound.
3:48 of 1st period - Eric Staal wins face-off versus Gabriel Bourque in Sharks zone.
4:00 of 1st period - Icing by Brenden Dillon.
4:01 of 1st period - Marko Dano wins face-off versus Ryan Nugent-Hopkins in Sharks zone.
4:21 of 1st period - Ryan Nugent-Hopkins is hit by Marko Dano and loses puck.
4:46 of 1st period - Colton Sceviour is hit by Gabriel Bourque and loses puck.
5:52 of 1st period - Off-side.
5:53 of 1st period - Mikael Granlund wins face-off versus Henrik Zetterberg in neutral zone.
5:56 of 1st period - Shot by Daniel Sedin.
5:56 of 1st period - Stopped by Al Montoya without a rebound.
5:57 of 1st period - Henrik Zetterberg wins face-off versus Mikael Granlund in Sharks zone.
6:15 of 1st period - Minor Penalty to Fedor Tyutin for Holding.
6:16 of 1st period - Eric Staal wins face-off versus Henrik Zetterberg in Kings zone.
6:29 of 1st period - Shot by Nikolay Kulemin.
6:29 of 1st period - Stopped by Scott Wedgewood with a rebound.
7:11 of 1st period - Shot by William Nylander.
7:11 of 1st period - Goal by William Nylander - Kings : 0 - Sharks : 1.
7:12 of 1st period - Mikael Granlund wins face-off versus Nick Bjugstad in neutral zone.
7:12 of 1st period - Mikael Granlund is hit by Nick Bjugstad.
7:15 of 1st period - Off-side.
7:16 of 1st period - William Nylander wins face-off versus Mikael Granlund in neutral zone.
7:21 of 1st period - Shot by Sam Reinhart.
7:21 of 1st period - Stopped by Scott Wedgewood with a rebound.
7:25 of 1st period - Shot by Sam Reinhart.
7:25 of 1st period - Stopped by Scott Wedgewood with a rebound.
7:27 of 1st period - Shot by Colin Miller.
7:27 of 1st period - Shot Misses the Net.
7:29 of 1st period - Shot by Nick Bjugstad.
7:29 of 1st period - Stopped by Scott Wedgewood without a rebound.
7:30 of 1st period - Nikita Soshnikov wins face-off versus Nick Bjugstad in Kings zone.
7:34 of 1st period - Off-side.
7:35 of 1st period - Henrik Zetterberg wins face-off versus Mikael Granlund in neutral zone.
7:39 of 1st period - David Savard is hit by Matt Niskanen and loses puck.
8:36 of 1st period - Shot by Eric Staal.
8:36 of 1st period - Stopped by Al Montoya without a rebound.
8:37 of 1st period - Ryan Nugent-Hopkins wins face-off versus Eric Staal in Sharks zone.
8:37 of 1st period - Ryan Nugent-Hopkins is hit by Chris Kunitz.
9:07 of 1st period - Shot by Chris Kunitz.
9:07 of 1st period - Stopped by Al Montoya with a rebound.
9:09 of 1st period - Shot by Eric Staal.
9:09 of 1st period - Stopped by Al Montoya without a rebound.
9:10 of 1st period - Sam Reinhart wins face-off versus Marko Dano in Sharks zone.
9:12 of 1st period - Icing by William Nylander.
9:13 of 1st period - William Nylander wins face-off versus Marko Dano in Sharks zone.
9:49 of 1st period - Shot by Marko Dano.
9:49 of 1st period - Stopped by Al Montoya without a rebound.
9:50 of 1st period - Eric Staal wins face-off versus Henrik Zetterberg in Sharks zone.
10:17 of 1st period - Icing by Alexei Emelin.
10:18 of 1st period - Eric Staal wins face-off versus Ryan Nugent-Hopkins in Kings zone.
10:30 of 1st period - Shot by Chris Kunitz.
10:30 of 1st period - Shot Misses the Net.
10:32 of 1st period - Shot by Niklas Kronwall.
10:32 of 1st period - Shot Misses the Net.
10:34 of 1st period - Shot by Oscar Lindberg.
10:34 of 1st period - Shot Misses the Net.
10:40 of 1st period - Shot by Chris Kunitz.
10:40 of 1st period - Shot Blocked by Ryan Nugent-Hopkins.
11:06 of 1st period - Minor Penalty to Nikolay Kulemin for Hooking.
11:07 of 1st period - Eric Staal wins face-off versus Henrik Zetterberg in Sharks zone.
11:08 of 1st period - Shot by Daniel Sedin.
11:08 of 1st period - Shot Misses the Net.
11:16 of 1st period - Shot by Ryan Nugent-Hopkins.
11:16 of 1st period - Shot Misses the Net.
11:18 of 1st period - Shot by David Savard.
11:18 of 1st period - Shot Blocked by Dan Hamhuis.
12:10 of 1st period - Shot by Chris Kunitz.
12:10 of 1st period - Stopped by Al Montoya without a rebound.
12:11 of 1st period - Andrew Shaw wins face-off versus Colton Sceviour in Sharks zone.
12:33 of 1st period - Shot by Niklas Kronwall.
12:33 of 1st period - Shot Blocked by Brenden Dillon.
12:35 of 1st period - Shot by Alexei Emelin.
12:35 of 1st period - Stopped by Al Montoya without a rebound.
12:36 of 1st period - Henrik Zetterberg wins face-off versus Eric Staal in Sharks zone.
12:55 of 1st period - Icing by Eric Staal.
12:56 of 1st period - Henrik Zetterberg wins face-off versus Eric Staal in Kings zone.
13:11 of 1st period - Shot by J.T. Brown.
13:11 of 1st period - Stopped by Al Montoya with a rebound.
13:13 of 1st period - Shot by J.T. Brown.
13:13 of 1st period - Shot Misses the Net.
13:15 of 1st period - Shot by J.T. Brown.
13:15 of 1st period - Shot Misses the Net.
13:17 of 1st period - Shot by J.T. Brown.
13:17 of 1st period - Shot Misses the Net.
13:19 of 1st period - Shot by Colton Sceviour.
13:19 of 1st period - Stopped by Al Montoya without a rebound.
13:20 of 1st period - Derek MacKenzie wins face-off versus William Nylander in Sharks zone.
14:50 of 1st period - Andrew Shaw is hit by Alexei Emelin and loses puck.
15:28 of 1st period - Charlie Coyle is hit by Matt Niskanen and loses puck.
15:35 of 1st period - Shot by Darren Dietz.
15:35 of 1st period - Stopped by Scott Wedgewood without a rebound.
15:36 of 1st period - Chris Kunitz wins face-off versus William Nylander in Kings zone.
15:45 of 1st period - Shot by Daniel Sedin.
15:45 of 1st period - Shot Misses the Net.
15:47 of 1st period - Shot by Evgeny Medvedev.
15:47 of 1st period - Shot Misses the Net.
15:54 of 1st period - Icing by Justin Falk.
15:55 of 1st period - Marko Dano wins face-off versus William Nylander in Sharks zone.
16:00 of 1st period - Shot by J.T. Brown.
16:00 of 1st period - Stopped by Al Montoya without a rebound.
16:01 of 1st period - Eric Staal wins face-off versus Ryan Nugent-Hopkins in Sharks zone.
16:12 of 1st period - Shot by Chris Kunitz.
16:12 of 1st period - Stopped by Al Montoya without a rebound.
16:13 of 1st period - J.T. Brown wins face-off versus Henrik Zetterberg in Sharks zone.
16:20 of 1st period - Shot by Henrik Zetterberg.
16:20 of 1st period - Stopped by Scott Wedgewood without a rebound.
16:21 of 1st period - Chris Kunitz wins face-off versus Henrik Zetterberg in Kings zone.
16:38 of 1st period - Shot by Daniel Sedin.
16:38 of 1st period - Shot Misses the Net.
17:33 of 1st period - Shot by Colton Sceviour.
17:33 of 1st period - Shot Misses the Net.
17:55 of 1st period - Evgeny Medvedev is hit by Gabriel Bourque.
18:10 of 1st period - Icing by Brenden Dillon.
18:11 of 1st period - Derek MacKenzie wins face-off versus Ryan Nugent-Hopkins in Sharks zone.
18:22 of 1st period - Shot by Nikita Soshnikov.
18:22 of 1st period - Stopped by Al Montoya without a rebound.
18:23 of 1st period - William Nylander wins face-off versus Daniel Sedin in Sharks zone.
18:47 of 1st period - Shot by Daniel Sedin.
18:47 of 1st period - Shot Misses the Net.
18:49 of 1st period - Shot by Matt Niskanen.
18:49 of 1st period - Shot Misses the Net.
18:51 of 1st period - Shot by Daniel Sedin.
18:51 of 1st period - Stopped by Al Montoya without a rebound.
18:52 of 1st period - Ryan Nugent-Hopkins wins face-off versus Oscar Lindberg in Sharks zone.
18:57 of 1st period - Niklas Kronwall is hit by Gabriel Bourque and loses puck.
19:13 of 1st period - Icing by Gabriel Bourque.
19:14 of 1st period - Ryan Nugent-Hopkins wins face-off versus Daniel Sedin in Sharks zone.
19:32 of 1st period - Shot by Daniel Sedin.
19:32 of 1st period - Stopped by Al Montoya without a rebound.
19:33 of 1st period - Eric Staal wins face-off versus Henrik Zetterberg in Sharks zone.
19:39 of 1st period - Icing by David Savard.
19:40 of 1st period - Henrik Zetterberg wins face-off versus Daniel Sedin in Sharks zone.
Goals for this period are 0 for Kings vs 1 for Sharks.
Shots for this period are 15 for Kings vs 7 for Sharks.

2nd period


0:01 of 2nd period - Mikael Granlund wins face-off versus Henrik Zetterberg in neutral zone.
0:31 of 2nd period - Shot by Scott Hartnell.
0:31 of 2nd period - Stopped by Al Montoya without a rebound.
0:32 of 2nd period - Eric Staal wins face-off versus Ryan Nugent-Hopkins in Sharks zone.
0:39 of 2nd period - Shot by Eric Staal.
0:39 of 2nd period - Stopped by Al Montoya without a rebound.
0:40 of 2nd period - Ryan Nugent-Hopkins wins face-off versus Eric Staal in Sharks zone.
0:48 of 2nd period - Minor Penalty to Brenden Dillon for Slashing.
0:49 of 2nd period - Henrik Zetterberg wins face-off versus Daniel Sedin in Sharks zone.
1:10 of 2nd period - Shot by Matt Niskanen.
1:10 of 2nd period - Shot Blocked by Andrej Sustr.
1:12 of 2nd period - Shot by Daniel Sedin.
1:12 of 2nd period - Stopped by Al Montoya without a rebound.
1:13 of 2nd period - Colton Sceviour wins face-off versus Henrik Zetterberg in Sharks zone.
1:13 of 2nd period - Colton Sceviour is hit by David Savard.
1:26 of 2nd period - Ryan Nugent-Hopkins is hit by Alexei Emelin and loses puck.
1:50 of 2nd period - Shot by Alexei Emelin.
1:50 of 2nd period - Stopped by Al Montoya without a rebound.
1:51 of 2nd period - Eric Staal wins face-off versus Henrik Zetterberg in Sharks zone.
1:56 of 2nd period - Shot by Daniel Sedin.
1:56 of 2nd period - Stopped by Al Montoya with a rebound.
1:58 of 2nd period - Shot by Dan Hamhuis.
1:58 of 2nd period - Stopped by Al Montoya without a rebound.
1:59 of 2nd period - Henrik Zetterberg wins face-off versus Eric Staal in Sharks zone.
1:59 of 2nd period - Henrik Zetterberg is hit by Scott Hartnell.
2:05 of 2nd period - Shot by Daniel Sedin.
2:05 of 2nd period - Deflect By Scott Hartnell.
2:05 of 2nd period - Shot Misses the Net.
2:07 of 2nd period - Shot by Scott Hartnell.
2:07 of 2nd period - Shot Misses the Net.
2:11 of 2nd period - Shot by Daniel Sedin.
2:11 of 2nd period - Stopped by Al Montoya without a rebound.
2:12 of 2nd period - Henrik Zetterberg wins face-off versus Scott Hartnell in Sharks zone.
2:12 of 2nd period - Henrik Zetterberg is hit by Scott Hartnell.
2:24 of 2nd period - Shot by Andrew Shaw.
2:24 of 2nd period - Stopped by Scott Wedgewood without a rebound.
2:25 of 2nd period - Henrik Zetterberg wins face-off versus Colton Sceviour in Kings zone.
2:52 of 2nd period - Icing by Derek MacKenzie.
2:53 of 2nd period - William Nylander wins face-off versus Derek MacKenzie in Kings zone.
3:09 of 2nd period - Icing by Nikita Soshnikov.
3:10 of 2nd period - Oscar Lindberg wins face-off versus Henrik Zetterberg in Kings zone.
3:10 of 2nd period - Oscar Lindberg is hit by Andrew Shaw.
3:30 of 2nd period - Shot by Nikolay Kulemin.
3:30 of 2nd period - Stopped by Scott Wedgewood without a rebound.
3:31 of 2nd period - Mikael Granlund wins face-off versus Ryan Nugent-Hopkins in Kings zone.
4:13 of 2nd period - Shot by Ryan Nugent-Hopkins.
4:13 of 2nd period - Stopped by Scott Wedgewood without a rebound.
4:14 of 2nd period - Henrik Zetterberg wins face-off versus Eric Staal in Kings zone.
4:14 of 2nd period - Henrik Zetterberg is hit by Matt Niskanen.
4:16 of 2nd period - Shot by Nikolay Kulemin.
4:16 of 2nd period - Stopped by Scott Wedgewood without a rebound.
4:17 of 2nd period - Andrew Shaw wins face-off versus Eric Staal in Kings zone.
4:36 of 2nd period - Shot by Oscar Lindberg.
4:36 of 2nd period - Deflect By Eric Staal.
4:36 of 2nd period - Shot Misses the Net.
4:45 of 2nd period - Chris Kunitz is hit by David Savard and loses puck.
5:01 of 2nd period - Minor Penalty to David Savard for Holding.
5:02 of 2nd period - Eric Staal wins face-off versus Henrik Zetterberg in Sharks zone.
5:05 of 2nd period - Shot by Daniel Sedin.
5:05 of 2nd period - Stopped by Al Montoya without a rebound.
5:06 of 2nd period - Henrik Zetterberg wins face-off versus Eric Staal in Sharks zone.
6:04 of 2nd period - Icing by Dan Hamhuis.
6:05 of 2nd period - Mikael Granlund wins face-off versus Andrew Shaw in Kings zone.
7:31 of 2nd period - Icing by Robert Bortuzzo.
7:32 of 2nd period - Mikael Granlund wins face-off versus William Nylander in Sharks zone.
7:39 of 2nd period - Shot by Daniel Sedin.
7:39 of 2nd period - Shot Misses the Net.
7:44 of 2nd period - William Nylander is hit by Alexei Emelin and loses puck.
8:28 of 2nd period - Shot by Henrik Zetterberg.
8:28 of 2nd period - Shot Misses the Net.
8:30 of 2nd period - Shot by Andrew Shaw.
8:30 of 2nd period - Shot Misses the Net.
8:32 of 2nd period - Shot by Henrik Zetterberg.
8:32 of 2nd period - Stopped by Scott Wedgewood without a rebound.
8:32 of 2nd period - Minor Penalty to Dan Hamhuis for Hooking.
8:33 of 2nd period - Ryan Nugent-Hopkins wins face-off versus Eric Staal in Kings zone.
9:20 of 2nd period - Icing by David Savard.
9:21 of 2nd period - Eric Staal wins face-off versus Charlie Coyle in Sharks zone.
9:42 of 2nd period - Shot by Andrew Shaw.
9:42 of 2nd period - Shot Misses the Net.
9:44 of 2nd period - Shot by Andrej Sustr.
9:44 of 2nd period - Stopped by Scott Wedgewood with a rebound.
9:46 of 2nd period - Shot by Andrew Shaw.
9:46 of 2nd period - Shot Blocked by Niklas Kronwall.
10:28 of 2nd period - Off-side.
10:29 of 2nd period - Eric Staal wins face-off versus Ryan Nugent-Hopkins in neutral zone.
10:40 of 2nd period - Shot by Sam Reinhart.
10:40 of 2nd period - Shot Blocked by Fedor Tyutin.
11:01 of 2nd period - Shot by Daniel Sedin.
11:01 of 2nd period - Shot Misses the Net.
11:03 of 2nd period - Shot by Mikael Granlund.
11:03 of 2nd period - Shot Misses the Net.
11:05 of 2nd period - Shot by Evgeny Medvedev.
11:05 of 2nd period - Stopped by Al Montoya without a rebound.
11:06 of 2nd period - Ryan Nugent-Hopkins wins face-off versus Derek MacKenzie in Sharks zone.
11:19 of 2nd period - Shot by Gabriel Bourque.
11:19 of 2nd period - Stopped by Scott Wedgewood without a rebound.
11:20 of 2nd period - Eric Staal wins face-off versus Ryan Nugent-Hopkins in Kings zone.
11:25 of 2nd period - Shot by Charlie Coyle.
11:25 of 2nd period - Deflect By Gabriel Bourque.
11:25 of 2nd period - Stopped by Scott Wedgewood with a rebound.
12:15 of 2nd period - Off-side.
12:16 of 2nd period - Mikael Granlund wins face-off versus Nick Bjugstad in neutral zone.
12:33 of 2nd period - Shot by Nick Bjugstad.
12:33 of 2nd period - Shot Blocked by Daniel Sedin.
12:35 of 2nd period - Shot by William Nylander.
12:35 of 2nd period - Shot Misses the Net.
12:40 of 2nd period - Shot by Brenden Dillon.
12:40 of 2nd period - Stopped by Scott Wedgewood without a rebound.
12:41 of 2nd period - Henrik Zetterberg wins face-off versus Marko Dano in Kings zone.
12:41 of 2nd period - David Savard is hit by Fedor Tyutin and loses puck.
12:52 of 2nd period - Nikolay Kulemin is hit by Marko Dano and loses puck.
13:22 of 2nd period - Icing by Fedor Tyutin.
13:23 of 2nd period - Ryan Nugent-Hopkins wins face-off versus Marko Dano in Kings zone.
13:26 of 2nd period - Shot by Charlie Coyle.
13:26 of 2nd period - Stopped by Scott Wedgewood with a rebound.
14:53 of 2nd period - Icing by Daniel Sedin.
14:54 of 2nd period - Henrik Zetterberg wins face-off versus Mikael Granlund in Kings zone.
15:07 of 2nd period - Shot by Henrik Zetterberg.
15:07 of 2nd period - Stopped by Scott Wedgewood without a rebound.
15:08 of 2nd period - William Nylander wins face-off versus Eric Staal in Kings zone.
15:21 of 2nd period - Shot by William Nylander.
15:21 of 2nd period - Goal by William Nylander - Kings : 0 - Sharks : 2.
15:22 of 2nd period - Henrik Zetterberg wins face-off versus Marko Dano in neutral zone.
15:25 of 2nd period - Fedor Tyutin is hit by Andrew Shaw and loses puck.
15:52 of 2nd period - Shot by Colton Sceviour.
15:52 of 2nd period - Shot Misses the Net.
15:54 of 2nd period - Shot by J.T. Brown.
15:54 of 2nd period - Shot Blocked by Robert Bortuzzo.
15:56 of 2nd period - Shot by J.T. Brown.
15:56 of 2nd period - Shot Misses the Net.
15:57 of 2nd period - Minor Penalty to Robert Bortuzzo for Hooking.
15:58 of 2nd period - Henrik Zetterberg wins face-off versus Eric Staal in Sharks zone.
16:21 of 2nd period - Shot by Eric Staal.
16:21 of 2nd period - Shot Misses the Net.
16:23 of 2nd period - Shot by Eric Staal.
16:23 of 2nd period - Stopped by Al Montoya without a rebound.
16:24 of 2nd period - Mikael Granlund wins face-off versus Andrew Shaw in Sharks zone.
16:25 of 2nd period - Shot by Dan Hamhuis.
16:25 of 2nd period - Stopped by Al Montoya with a rebound.
16:46 of 2nd period - Brenden Dillon is hit by Mikael Granlund and loses puck.
17:23 of 2nd period - Shot by Scott Hartnell.
17:23 of 2nd period - Stopped by Al Montoya without a rebound.
17:24 of 2nd period - Andrew Shaw wins face-off versus Eric Staal in Sharks zone.
17:36 of 2nd period - Icing by Scott Hartnell.
17:37 of 2nd period - Eric Staal wins face-off versus Andrew Shaw in Kings zone.
17:37 of 2nd period - Eric Staal is hit by Charlie Coyle.
17:49 of 2nd period - Andrew Shaw is hit by Eric Staal and loses puck.
17:56 of 2nd period - Shot by Niklas Kronwall.
17:56 of 2nd period - Shot Misses the Net.
17:58 of 2nd period - Shot by Oscar Lindberg.
17:58 of 2nd period - Stopped by Al Montoya without a rebound.
17:59 of 2nd period - William Nylander wins face-off versus Marko Dano in Sharks zone.
17:59 of 2nd period - William Nylander is hit by Marko Dano.
18:14 of 2nd period - Shot by Colton Sceviour.
18:14 of 2nd period - Deflect By Marko Dano.
18:14 of 2nd period - Stopped by Al Montoya without a rebound.
18:15 of 2nd period - Ryan Nugent-Hopkins wins face-off versus Derek MacKenzie in Sharks zone.
18:20 of 2nd period - Shot by Gabriel Bourque.
18:20 of 2nd period - Shot Misses the Net.
18:22 of 2nd period - Shot by Gabriel Bourque.
18:22 of 2nd period - Shot Misses the Net.
18:24 of 2nd period - Shot by Andrej Sustr.
18:24 of 2nd period - Shot Misses the Net.
18:32 of 2nd period - Shot by Ryan Nugent-Hopkins.
18:32 of 2nd period - Shot Blocked by Fedor Tyutin.
18:46 of 2nd period - Shot by Ryan Nugent-Hopkins.
18:46 of 2nd period - Stopped by Scott Wedgewood without a rebound.
18:47 of 2nd period - Mikael Granlund wins face-off versus Andrew Shaw in Kings zone.
18:55 of 2nd period - Off-side.
18:56 of 2nd period - Henrik Zetterberg wins face-off versus Eric Staal in neutral zone.
19:01 of 2nd period - Dan Hamhuis is hit by Nikolay Kulemin and loses puck.
19:40 of 2nd period - Shot by Nikolay Kulemin.
19:40 of 2nd period - Deflect By Henrik Zetterberg.
19:40 of 2nd period - Shot Misses the Net.
19:55 of 2nd period - Off-side.
19:56 of 2nd period - Mikael Granlund wins face-off versus Ryan Nugent-Hopkins in neutral zone.
Goals for this period are 0 for Kings vs 1 for Sharks.
Shots for this period are 14 for Kings vs 13 for Sharks.

3rd period


0:01 of 3rd period - Mikael Granlund wins face-off versus Henrik Zetterberg in neutral zone.
0:24 of 3rd period - Shot by Nikolay Kulemin.
0:24 of 3rd period - Shot Blocked by Matt Niskanen.
0:34 of 3rd period - Shot by Daniel Sedin.
0:34 of 3rd period - Shot Blocked by Marc Staal.
1:36 of 3rd period - Shot by Eric Staal.
1:36 of 3rd period - Stopped by Al Montoya without a rebound.
1:37 of 3rd period - Marko Dano wins face-off versus William Nylander in Sharks zone.
1:55 of 3rd period - Shot by William Nylander.
1:55 of 3rd period - Stopped by Scott Wedgewood without a rebound.
1:56 of 3rd period - Ryan Nugent-Hopkins wins face-off versus Mikael Granlund in Kings zone.
3:23 of 3rd period - Henrik Zetterberg is hit by Alexei Emelin and loses puck.
4:14 of 3rd period - Icing by Andrej Sustr.
4:15 of 3rd period - Mikael Granlund wins face-off versus William Nylander in Sharks zone.
4:26 of 3rd period - Shot by Sam Reinhart.
4:26 of 3rd period - Shot Misses the Net.
5:52 of 3rd period - Shot by J.T. Brown.
5:52 of 3rd period - Shot Hit the Post.
6:12 of 3rd period - Shot by Nikolay Kulemin.
6:12 of 3rd period - Shot Blocked by Alexei Emelin.
6:59 of 3rd period - Shot by Eric Staal.
6:59 of 3rd period - Shot Misses the Net.
7:03 of 3rd period - Shot by Chris Kunitz.
7:03 of 3rd period - Stopped by Al Montoya with a rebound.
7:21 of 3rd period - Marko Dano is hit by Nick Bjugstad and loses puck.
7:58 of 3rd period - Shot by Ryan Nugent-Hopkins.
7:58 of 3rd period - Stopped by Scott Wedgewood without a rebound.
7:59 of 3rd period - Ryan Nugent-Hopkins wins face-off versus Derek MacKenzie in Kings zone.
8:02 of 3rd period - Shot by Charlie Coyle.
8:02 of 3rd period - Deflect By Ryan Nugent-Hopkins.
8:02 of 3rd period - Shot Blocked by Derek MacKenzie.
8:18 of 3rd period - Shot by Ryan Nugent-Hopkins.
8:18 of 3rd period - Shot Misses the Net.
8:20 of 3rd period - Shot by Charlie Coyle.
8:20 of 3rd period - Stopped by Scott Wedgewood with a rebound.
8:24 of 3rd period - Shot by Ryan Nugent-Hopkins.
8:24 of 3rd period - Stopped by Scott Wedgewood with a rebound.
8:47 of 3rd period - Icing by Darren Dietz.
8:48 of 3rd period - Mikael Granlund wins face-off versus Sam Reinhart in Sharks zone.
9:04 of 3rd period - Darren Dietz is hit by Dan Hamhuis and loses puck.
9:17 of 3rd period - Shot by William Nylander.
9:17 of 3rd period - Shot Misses the Net.
9:45 of 3rd period - Shot by Henrik Zetterberg.
9:45 of 3rd period - Stopped by Scott Wedgewood without a rebound.
9:46 of 3rd period - Eric Staal wins face-off versus Ryan Nugent-Hopkins in Kings zone.
9:46 of 3rd period - Eric Staal is hit by Gabriel Bourque.
10:11 of 3rd period - Eric Staal is hit by Brenden Dillon and loses puck.
10:53 of 3rd period - J.T. Brown is hit by David Savard and loses puck.
11:01 of 3rd period - J.T. Brown is hit by David Savard.
11:07 of 3rd period - Shot by J.T. Brown.
11:07 of 3rd period - Shot Misses the Net.
11:13 of 3rd period - Shot by J.T. Brown.
11:13 of 3rd period - Stopped by Al Montoya without a rebound.
11:14 of 3rd period - Mikael Granlund wins face-off versus William Nylander in Sharks zone.
11:31 of 3rd period - Icing by Matt Niskanen.
11:32 of 3rd period - Ryan Nugent-Hopkins wins face-off versus Mikael Granlund in Kings zone.
11:34 of 3rd period - Minor Penalty to Gabriel Bourque for Tripping.
11:35 of 3rd period - Eric Staal wins face-off versus Henrik Zetterberg in Sharks zone.
11:58 of 3rd period - Shot by Daniel Sedin.
11:58 of 3rd period - Shot Misses the Net.
12:00 of 3rd period - Shot by Matt Niskanen.
12:00 of 3rd period - Stopped by Al Montoya without a rebound.
12:01 of 3rd period - Mikael Granlund wins face-off versus Henrik Zetterberg in Sharks zone.
12:02 of 3rd period - Shot by Niklas Kronwall.
12:02 of 3rd period - Stopped by Al Montoya without a rebound.
12:03 of 3rd period - Mikael Granlund wins face-off versus Henrik Zetterberg in Sharks zone.
12:43 of 3rd period - Shot by Niklas Kronwall.
12:43 of 3rd period - Shot Blocked by David Savard.
12:45 of 3rd period - Shot by Alexei Emelin.
12:45 of 3rd period - Stopped by Al Montoya without a rebound.
12:46 of 3rd period - Henrik Zetterberg wins face-off versus Eric Staal in Sharks zone.
13:05 of 3rd period - Shot by Matt Niskanen.
13:05 of 3rd period - Stopped by Al Montoya without a rebound.
13:06 of 3rd period - Colton Sceviour wins face-off versus Henrik Zetterberg in Sharks zone.
13:37 of 3rd period - Shot by Oscar Lindberg.
13:37 of 3rd period - Shot Misses the Net.
14:26 of 3rd period - Minor Penalty to Alexei Emelin for Hooking.
14:27 of 3rd period - Eric Staal wins face-off versus Henrik Zetterberg in Kings zone.
14:52 of 3rd period - Shot by Nikolay Kulemin.
14:52 of 3rd period - Stopped by Scott Wedgewood without a rebound.
14:53 of 3rd period - Ryan Nugent-Hopkins wins face-off versus Eric Staal in Kings zone.
14:58 of 3rd period - Shot by Gabriel Bourque.
14:58 of 3rd period - Stopped by Scott Wedgewood without a rebound.
14:59 of 3rd period - J.T. Brown wins face-off versus Ryan Nugent-Hopkins in Kings zone.
15:12 of 3rd period - Shot by Marc Staal.
15:12 of 3rd period - Shot Misses the Net.
15:42 of 3rd period - Shot by David Savard.
15:42 of 3rd period - Stopped by Scott Wedgewood with a rebound.
16:22 of 3rd period - Shot by Andrew Shaw.
16:22 of 3rd period - Shot Misses the Net.
16:48 of 3rd period - Shot by William Nylander.
16:48 of 3rd period - Shot Hit the Post.
17:20 of 3rd period - Shot by Derek MacKenzie.
17:20 of 3rd period - Shot Misses the Net.
17:22 of 3rd period - Shot by Derek MacKenzie.
17:22 of 3rd period - Goal by Derek MacKenzie - Kings : 1 - Sharks : 2.
17:23 of 3rd period - Ryan Nugent-Hopkins wins face-off versus Eric Staal in neutral zone.
17:40 of 3rd period - Shot by Chris Kunitz.
17:40 of 3rd period - Shot Blocked by David Savard.
17:52 of 3rd period - Shot by Ryan Nugent-Hopkins.
17:52 of 3rd period - Deflect By Charlie Coyle.
17:52 of 3rd period - Shot Misses the Net.
18:08 of 3rd period - Eric Staal is hit by Gabriel Bourque and loses puck.
18:12 of 3rd period - Minor Penalty to Charlie Coyle for Holding.
18:13 of 3rd period - Eric Staal wins face-off versus Ryan Nugent-Hopkins in Sharks zone.
18:34 of 3rd period - Shot by Matt Niskanen.
18:34 of 3rd period - Shot Misses the Net.
19:11 of 3rd period - Kings, Scott Wedgewood is pulled from the net.
19:37 of 3rd period - Shot by Dan Hamhuis.
19:37 of 3rd period - Stopped by Al Montoya without a rebound.
19:38 of 3rd period - Henrik Zetterberg wins face-off versus Mikael Granlund in Sharks zone.
Goals for this period are 1 for Kings vs 0 for Sharks.
Shots for this period are 9 for Kings vs 8 for Sharks.